 Dungeon Crawl Stone Soup version 0.23-a0-183-gf37f6fb (webtiles) character file.

1264 KristoblXynda the Spear-Bearer (level 8, -3/50 HPs)
             Began as a Merfolk Skald on Sept 21, 2018.
             Was a Follower of Hepliaklqana.
             Killed from afar by Dowan (20 damage)
             ... with a stone arrow
             ... on level 5 of the Dungeon.
             The game lasted 00:11:37 (6107 turns).

KristoblXynda the Spear-Bearer (Merfolk Skald)      Turns: 6107, Time: 00:11:38

Health: -3/50      AC:  6    Str: 15    XL:     8   Next: 52%
Magic:  11/11      EV: 19    Int: 13    God:    Hepliaklqana [*.....]
Gold:   294        SH:  0    Dex: 14    Spells: 10/11 levels left

rFire    . . .     SeeInvis .   e - +0 trident
rCold    . . .     Gourm    .   (no shield)
rNeg     . . .     Faith    .   b - +0 leather armour
rPois    .         Spirit   .   p - +0 helmet
rElec    .         Reflect  .   (no cloak)
rCorr    .         Harm     .   (no gloves)
MR       .....                  (no boots)
Stlth    ++........             (no amulet)
HPRegen  0.16/turn              f - +3 ring of strength
MPRegen  0.12/turn              i - +5 ring of evasion

@: no status effects
A: change form in water, swift swim, stealthy swim, reduced essence, yellow
scales 1, wild magic 1, MP-powered wands
a: Recall Ancestor, Ancestor Identity, Renounce Religion


You were on level 5 of the Dungeon.
You worshipped Hepliaklqana.
Hepliaklqana was aware of your devotion.
You were not hungry.

You visited 2 branches of the dungeon, and saw 6 of its levels.

You collected 294 gold pieces.

Inventory:

Hand Weapons
 e - a +0 trident (weapon)
Armour
 b - a +0 leather armour (worn)
 p - a +0 helmet (worn)
Jewellery
 f - a +3 ring of strength (left hand)
 i - a +5 ring of evasion (right hand)
 v - a cursed ring of teleportation {unknown}
 x - an uncursed ring of ice {unknown}
Scrolls
 c - 6 scrolls of remove curse
 j - a scroll of amnesia
 k - a scroll of fog
 l - a scroll of fear {unknown}
 m - 3 scrolls of teleportation {unknown}
 r - a scroll of magic mapping {unknown}
 s - a scroll of enchant armour {unknown}
 w - 2 scrolls of identify {unknown}
Potions
 a - a potion of mutation
 g - a potion of lignification
 h - a potion of might
 n - a potion of haste
 o - 2 potions of brilliance
 q - a potion of curing
 t - a potion of resistance {unknown}
 u - a potion of magic {unknown}
Comestibles
 d - 9 rations


   Skills:
 - Level 2.1 Fighting
 + Level 8.1 Polearms
 + Level 2.9 Armour
 - Level 5.5 Dodging
 - Level 4.1 Stealth
 - Level 2.0 Spellcasting
 + Level 6.7 Charms


You had 10 spell levels left.
You knew the following spells:

 Your Spells              Type           Power        Failure   Level  Hunger
a - Infusion              Chrm           ###.         3%          1    ##.....

Your spell library contained the following spells:

 Spells                   Type           Power        Failure   Level  Hunger
 Song of Slaying          Chrm           ###.....     5%          2    ###....
 Shroud of Golubria       Chrm/Tloc      ##........   17%         2    ###....
 Regeneration             Chrm/Necr      ##........   32%         3    ####...
 Spectral Weapon          Hex/Chrm       ##......     32%         3    ####...


Dungeon Overview and Level Annotations

Branches:
Dungeon (5/15)             Temple (1/1) D:4

Altars:
Ashenzari
Cheibriados
Dithmenos
Elyvilon
Fedhas
Gozag
Hepliaklqana
Kikubaaqudgha
Makhleb
Nemelex Xobeh
Okawaru
Qazlal
Ru
Sif Muna
Trog
Vehumet
Wu Jian
Xom
Yredelemnul
Zin

Shops:
D:4 %

Annotations:
D:5 Dowan


Innate Abilities, Weirdness & Mutations

You revert to your normal form in water.
You are very nimble and swift while swimming.
You are very stealthy in the water. (Stealth+)
Your life essence is reduced to manifest your ancestor. (-10% HP)
You are partially covered in yellow scales. (AC +2)
Your spells are a little harder to cast, but a little more powerful.
You expend magic power (3 MP) to strengthen your wands.


Message History

You closely miss Dowan.
Dowan is almost dead.
Dowan casts a spell.
Dowan blinks!
You feel sick.
It was a potion of curing.
You feel better.
Dowan is nearby!
Attack whom?
Press: ? - help, Dir - move target cursor, f/p - Dowan
Aim: Dowan, wielding a dagger and wearing a robe (almost dead, fast)
You reach to attack!
You miss Dowan.
Dowan is almost dead.
You closely miss Dowan.
Dowan is almost dead.
Dowan casts a spell.
Dowan blinks!
You start resting.
Dowan casts a spell at you. The stone arrow hits you!
You die...

##..# ###..# #.)#####(.###
#....# ##..##.)##### #.....#
####...((.....# #.....##
##.....((....... #......##
##............... #.......#
#....(........... #
#.......###................ ##
#....e...#@......<......... .##
#........#ยง...(............
..## #.............[............
#..##
##......e..................
>#..##
#.......................##
..#..###........##..<###########
..##....)......####..#
.......######...# #..## .....###
#...####..# #########


You could see Dowan.

Vanquished Creatures
  Menkaure (D:4)
  2 ogres
  An ice beast (D:5)
  A centaur (D:5)
  A bullfrog (D:4)
  A scorpion (D:5)
  2 howler monkeys
  A hound (D:5)
  A centaur skeleton (D:5)
  An iguana (D:4)
  Natasha (thrice) (D:3)
  A worker ant (D:5)
  A hound zombie (D:5)
  5 adders
  A shadow imp (D:5)
  An ooze (D:1)
  3 worms
  2 dart slugs
  A leopard gecko (D:4)
  6 orcs
  A ball python (D:4)
  6 bats
  3 giant cockroaches
  9 goblins
  8 hobgoblins
  6 jackals
  A quokka (D:3)
  9 frilled lizards
  A jackal zombie (D:5)
  6 kobolds
  A quokka skeleton (D:4)
  4 rats
91 creatures vanquished.

Vanquished Creatures (collateral kills)
  Duvessa (D:5)
  A crimson imp (D:5)
  An orc priest (D:5)
  An orc wizard (D:5)
  An iguana (D:4)
  A worker ant (D:5)
  Robin (D:4)
  An adder (D:4)
  A worm (D:5)
  An orc (D:5)
  5 goblins (D:4)
15 creatures vanquished.

Vanquished Creatures (others)
  4 ancestors (D:5)
4 creatures vanquished.

Grand Total: 110 creatures vanquished

Notes
Turn   | Place    | Note
-------+----------+-------------------------------------------
     0 | D:1      | KristoblXynda the Merfolk Skald began the quest for the
                  | Orb.
     0 | D:1      | Reached XP level 1. HP: 16/16 MP: 3/3
   295 | D:1      | Reached XP level 2. HP: 22/22 MP: 5/5
   315 | D:1      | Reached skill level 1 in Armour
   930 | D:1      | Reached XP level 3. HP: 27/27 MP: 6/6
  1246 | D:2      | Reached skill level 1 in Stealth
  1275 | D:2      | Found a stormy altar of Qazlal.
  1780 | D:2      | Gained mutation: You are resistant to hostile enchantments.
                  | (MR+) [potion of mutation]
  1780 | D:2      | Gained mutation: Armour fits poorly on your strangely
                  | shaped body. [potion of mutation]
  1780 | D:2      | Gained mutation: You are highly resistant to hostile
                  | enchantments. (MR++) [potion of mutation]
  1783 | D:2      | Reached XP level 4. HP: 23/33 MP: 7/7
  1984 | D:2      | Lost mutation: Armour fits poorly on your strangely shaped
                  | body. [potion of mutation]
  1984 | D:2      | Lost mutation: You are highly resistant to hostile
                  | enchantments. (MR++) [potion of mutation]
  1984 | D:2      | Lost mutation: You are resistant to hostile enchantments.
                  | (MR+) [potion of mutation]
  1984 | D:2      | Gained mutation: You are partially covered in yellow
                  | scales. (AC +2) [potion of mutation]
  1984 | D:2      | Gained mutation: Your spells are a little harder to cast,
                  | but a little more powerful. [potion of mutation]
  1984 | D:2      | Gained mutation: You expend magic power (3 MP) to
                  | strengthen your wands. [potion of mutation]
  2038 | D:3      | Reached skill level 4 in Polearms
  2443 | D:3      | Noticed Natasha
  2447 | D:3      | Killed Natasha
  2447 | D:3      | Reached XP level 5. HP: 31/38 MP: 8/8
  2724 | D:3      | Noticed Natasha
  2757 | D:3      | Killed Natasha
  3211 | D:3      | Noticed Natasha
  3214 | D:3      | Killed Natasha
  3249 | D:3      | Found a bloodstained altar of Trog.
  3305 | D:4      | Noticed Menkaure
  3317 | D:4      | Reached skill level 5 in Polearms
  3317 | D:4      | Reached XP level 6. HP: 27/44 MP: 9/9
  3318 | D:4      | Killed Menkaure
  3318 | D:4      | Reached skill level 5 in Dodging
  3395 | D:4      | Reached skill level 5 in Charms
  3425 | D:4      | Reached XP level 7. HP: 13/50 MP: 7/10
  3657 | D:4      | Reached skill level 6 in Polearms
  3874 | D:4      | Found a staircase to the Ecumenical Temple.
  3883 | Temple   | Entered the Ecumenical Temple
  3973 | Temple   | Became a worshipper of Hepliaklqana the Forgotten
  4087 | D:4      | Found a sacrificial altar of Ru.
  4197 | D:4      | Found a deep blue altar of Sif Muna.
  4298 | D:4      | Noticed Robin
  4308 | D:4      | Killed Robin
  4562 | D:4      | Reached * piety under Hepliaklqana
  4689 | D:4      | Found Juotesos's Food Boutique.
  4750 | D:5      | Entered Level 5 of the Dungeon
  4784 | D:5      | Noticed Duvessa
  4784 | D:5      | Noticed Dowan
  4916 | D:5      | Killed Duvessa
  5077 | D:5      | Reached skill level 7 in Polearms
  5077 | D:5      | Reached XP level 8. HP: 16/50 MP: 11/11
  5626 | D:5      | Reached skill level 8 in Polearms
  6107 | D:5      | Killed from afar by Dowan

Vault maps used:
D:1:      saegor_arrival_simple_b
D:2:      lemuel_doored_altar
D:3:      marbit_many_paths, uniq_natasha
D:4:      nicolae_overflow_hidden_temple, minmay_temple_entry_statues_pillars,
          serial_shops, nicolae_shop_crystal, kennysheep_decorative_pillar,
          nicolae_ru_sacrificial_ziggurat, uniq_menkaure, uniq_robin
D:5:      first_ration, hangedman_decor_riveting, minmay_bent, uniq_duvessa
Temple:   nicolae_temple_elliptical

Skill      XL: |  1  2  3  4  5  6  7  8 |
---------------+-------------------------+-----
Dodging        | 3 4 5 |  5.5
Armour         | 1 2 |  2.9
Stealth        | 1 2 3 4 |  4.1
Polearms       | 4 5 7 8 |  8.1
Charms         | 4 5 6 |  6.7
Fighting       | |  2.1
Spellcasting   | |  2.0

Action                   |  1- 3 |  4- 6 |  7- 9 || total
-------------------------+-------+-------+-------++-------
Melee: Spear             |   166 |    14 |       ||   180
       Trident           |       |   117 |   151 ||   268
Throw: Throwing net      |       |       |     1 ||     1
 Cast: Infusion          |       |     1 |     3 ||     4
  Use: Potion            |     2 |     3 |     4 ||     9
       Scroll            |       |     2 |     2 ||     4
 Stab: Sleeping          |     1 |     1 |       ||     2
       Distracted        |       |       |     1 ||     1
  Eat: Chunk             |     3 |     3 |     7 ||    13
       Ration            |       |     1 |       ||     1
Armor: Leather armour    |    24 |    20 |    25 ||    69
       Skin              |       |       |     3 ||     3
Dodge: Dodged            |    97 |   137 |   143 ||   377

Table legend:
 A = Non-vault XP
 B = Vault XP
 C = Vault XP percentage of total XP
 D = Non-vault monster count
 E = Vault monster count
 F = Vault count percentage of total count
                 A         B        C        D         E       F
            +---------+---------+-------+---------+---------+-------
      Total |    1294 |     513 |  28.4 |      89 |      17 |  16.0
            +---------+---------+-------+---------+---------+-------
        D:1 |      43 |       0 |   0.0 |      24 |       0 |   0.0
        D:2 |      42 |       0 |   0.0 |      20 |       0 |   0.0
        D:3 |     156 |      36 |  18.8 |      20 |       2 |   9.1
        D:4 |     364 |     201 |  35.6 |       9 |       9 |  50.0
        D:5 |     689 |     276 |  28.6 |      16 |       6 |  27.3
            +---------+---------+-------+---------+---------+-------
